 Dungeon Crawl Stone Soup version 0.21.0-3-g78d12a8 (webtiles) character file.

93 shmeve the Chopper (level 4, 0/31 HPs)
             Began as an Octopode Berserker on Jan 16, 2018.
             Was a Believer of Trog.
             Slain by a worm (6 damage)
             ... on level 3 of the Dungeon.
             The game lasted 00:03:18 (1685 turns).

shmeve the Chopper (Octopode Berserker)             Turns: 1685, Time: 00:03:19

Health: 0/31       AC:  1    Str: 17    XL:     4   Next: 62%
Magic:  4/4        EV: 14    Int: 13    God:    Trog [**....]
Gold:   96         SH:  4    Dex: 11    Spells: 3/3 levels left

rFire    . . .     SeeInvis .   a - +0 hand axe
rCold    . . .     Gourm    .   e - +0 buckler
rNeg     . . .     Faith    .   (helmet restricted)
rPois    .         Spirit   .   (no amulet)
rElec    .         Reflect  .   (no ring)
rCorr    .         Harm     .   j - +4 ring of intelligence
MR       .....                  (no ring)
Stlth    ++........             (no ring)
HPRegen  0.10/turn              (no ring)
MPRegen  0.09/turn              (no ring)
                                (no ring)
                                (no ring)

@: berserk cooldown, slowed, very slow
A: almost no armour, stealthy swim, amphibious, 8 rings, constrict 8, camouflage
1, gelatinous body 1
a: Berserk, Trog's Hand, Burn Spellbooks, Renounce Religion


You were on level 3 of the Dungeon.
You worshipped Trog.
Trog was pleased with you.
You were very hungry.

You visited 1 branch of the dungeon, and saw 3 of its levels.

You collected 96 gold pieces.

Inventory:

Hand Weapons
 a - a +0 hand axe (weapon)
Armour
 e - a +0 buckler (worn)
Jewellery
 j - a +4 ring of intelligence (right tentacle)
Scrolls
 k - a scroll of enchant armour {unknown}
Potions
 d - a potion of resistance {unknown}
 f - a potion of lignification {unknown}
 g - a potion of mutation {unknown}
 h - a potion of agility {unknown}
Comestibles
 b - 3 rations
 c - 4 chunks of flesh


   Skills:
 * Level 3.2 Fighting
 * Level 3.3 Axes
 * Level 3.2 Dodging
 + Level 0.9 Stealth
 * Level 3.1 Shields


You had 3 spell levels left.
You didn't know any spells.

Dungeon Overview and Level Annotations

Branches:
Dungeon (3/15)

Altars:
Ashenzari
Wu Jian


Innate Abilities, Weirdness & Mutations

You cannot wear most types of armour.
You are very stealthy in the water. (Stealth+)
You are amphibious.
You can wear up to eight rings at the same time.
You can use your tentacles to constrict eight enemies at once.
Your skin changes colour to match your surroundings (Stealth+).
Your rubbery body absorbs attacks. (AC +1, EV +1)


Message History

You hit the giant cockroach.
You kill the giant cockroach!
Trog accepts your kill.
You feel a strong urge to attack something.
The worm bites you.
You barely miss the worm. You grab the worm. You constrict the worm.
You hit the worm. You squeeze the worm.
The worm is severely wounded.
You are no longer berserk.
You pass out from exhaustion.
You lose your grip on the worm.
You feel yourself slow down. The worm bites you. The worm bites you!
The worm bites you.
* * * LOW HITPOINT WARNING * * *
You can move again.
You barely miss the worm. You grab the worm.
The worm is heavily wounded.
You constrict the worm. The worm bites you.
You die...

#)# #.# #.#####
#.....################
#.....'>..............
##....#......).......>
#....###....))...##
###### #.........+
.........@w.#
.....#######.# #.....#
... #.!...# .$.#
#.....# ..# ..#


You could see a worm.

Vanquished Creatures
  An orc priest (D:3)
  An adder (D:2)
  A worm (D:2)
  A dart slug (D:1)
  A leopard gecko (D:1)
  3 orcs (D:3)
  4 giant cockroaches
  4 goblins
  7 hobgoblins
  5 jackals
  A quokka (D:2)
  2 bats
  4 frilled lizards
  6 kobolds
  3 rats (D:1)
44 creatures vanquished.

Vanquished Creatures (others)
  A bush (D:2)
1 creature vanquished.

Grand Total: 45 creatures vanquished

Notes
Turn   | Place    | Note
-------+----------+-------------------------------------------
     0 | D:1      | shmeve the Octopode Berserker began the quest for the Orb.
     0 | D:1      | Reached XP level 1. HP: 16/16 MP: 1/1
    80 | D:1      | Reached XP level 2. HP: 19/21 MP: 2/2
   117 | D:1      | Reached skill level 1 in Shields
   612 | D:1      | Reached XP level 3. HP: 26/26 MP: 3/3
   908 | D:2      | Reached ** piety under Trog
   957 | D:2      | Found a shattered altar of Ashenzari.
   958 | D:2      | Found an ornate altar of the Wu Jian Council.
  1663 | D:3      | Reached XP level 4. HP: 31/31 MP: 4/4
  1685 | D:3      | Slain by a worm

Skill      XL: |  1  2  3  4 |
---------------+-------------+-----
Shields        | 2 3 |  3.1
Fighting       | |  3.2
Axes           | |  3.3
Dodging        | |  3.2
Stealth        | |  0.9

Action                   |  1- 3 |  4- 6 || total
-------------------------+-------+-------++-------
Melee: Hand axe          |   113 |     9 ||   122
       Constrict         |    19 |     6 ||    25
       Tentacles         |    32 |     3 ||    35
Invok: Berserk           |       |     1 ||     1
 Stab: Sleeping          |    11 |       ||    11
  Eat: Chunk             |     2 |       ||     2
Armor: Skin              |     2 |       ||     2
Dodge: Dodged            |    35 |     2 ||    37
Block: Buckler           |     1 |     3 ||     4
